 Dungeon Crawl Stone Soup version 0.24.0-37-gcf1ca852f1 (webtiles) character file.

Game seed: 7145698779894885779, levelgen mode: deterministic

8432 Iamsoldier the Magician (level 11, -1/85 HPs)
             Began as a Gnoll Skald on Dec 2, 2019.
             Was a Follower of Ashenzari.
             Killed from afar by a gargoyle (12 damage)
             ... with a stone arrow
             ... on level 10 of the Dungeon.
             The game lasted 00:33:16 (13434 turns).

Iamsoldier the Magician (Gnoll Skald)              Turns: 13434, Time: 00:33:16

Health: -1/85      AC:  7    Str: 15    XL:     11   Next: 30%
Magic:  6/22       EV: 17    Int: 18    God:    Ashenzari [*.....]
Gold:   497        SH:  6    Dex: 17    Spells: 16/25 levels left

rFire    . . .     SeeInvis .   a - +0 trident
rCold    . . .     Gourm    .   x - +0 buckler (curse)
rNeg     . . .     Faith    .   G - +0 troll leather armour
rPois    .         Spirit   .   (no helmet)
rElec    .         Reflect  .   h - +1 cloak (curse)
rCorr    .         Harm     .   (no gloves)
MR       .....                  (no boots)
Stlth    ++++......             (no amulet)
HPRegen  1.64/turn              w - ring of stealth (curse)
MPRegen  0.18/turn              o - +3 ring of dexterity (curse)

@: lethally poisoned (-1 -> -1), shrouded, regenerating (expiring)
A: distributed training, fangs 1, strong nose
a: Curse Item, Scrying, Renounce Religion


You were on level 10 of the Dungeon.
You worshipped Ashenzari.
Ashenzari was aware of your devotion.
You were not hungry.

You visited 2 branches of the dungeon, and saw 11 of its levels.
You also visited: Bailey.

You collected 497 gold pieces.

Inventory:

Hand Weapons
 a - a +0 trident (weapon)
 p - a +0 spear
 B - the cursed +1 hunting sling of Anxiety {venom, MR++ Str+2}
   (You found it on level 6 of the Dungeon)

   It poisons the ammo it fires.
   It affects your strength (+2).
   It affects your resistance to hostile enchantments.
   It has a curse placed upon it.
Missiles
 j - a throwing net
 k - 5 javelins
 m - 51 poisoned darts (quivered)
 y - 49 boomerangs
Armour
 b - a +0 leather armour
 h - a cursed +1 cloak (worn)
 x - a cursed +0 buckler (worn)
 G - a +0 troll leather armour (worn)
Jewellery
 n - an uncursed ring of poison resistance
 o - a cursed +3 ring of dexterity (right hand)
 q - an uncursed ring of protection from fire
 w - a cursed ring of stealth (left hand)
Wands
 c - a wand of paralysis (16)
 t - a wand of flame (16)
 u - a wand of acid (11)
 E - a wand of iceblast (1)
Scrolls
 g - 2 scrolls of identify
 v - 2 scrolls of teleportation
 z - 2 scrolls of fear
 D - a scroll of amnesia
 H - a scroll of remove curse
 I - a scroll of enchant armour
Potions
 e - 3 potions of flight
 f - 2 potions of heal wounds {unknown}
 l - a potion of might
 r - 2 potions of mutation
 s - a potion of invisibility
 A - 3 potions of brilliance
 C - a potion of curing
 F - a potion of ambrosia {unknown}
Miscellaneous
 i - a box of beasts
Comestibles
 d - 18 rations
 J - 7 chunks of flesh


   Skills:
 + Level 7.7 Fighting
 + Level 6.0 Short Blades
 + Level 6.0 Long Blades
 + Level 6.0 Axes
 + Level 6.0 Maces & Flails
 + Level 7.7 Polearms
 + Level 6.0 Staves
 + Level 6.0 Slings
 + Level 6.0 Bows
 + Level 6.0 Crossbows
 + Level 6.0 Throwing
 + Level 6.6 Armour
 + Level 7.7 Dodging
 + Level 6.0 Stealth
 + Level 6.0 Shields
 + Level 6.0 Unarmed Combat
 + Level 7.9 Spellcasting
 + Level 5.0 Conjurations
 + Level 5.0 Hexes
 + Level 7.5 Charms
 + Level 5.0 Summonings
 + Level 5.0 Necromancy
 + Level 5.0 Translocations
 + Level 5.0 Transmutations
 + Level 5.0 Fire Magic
 + Level 5.0 Ice Magic
 + Level 5.0 Air Magic
 + Level 5.0 Earth Magic
 + Level 5.0 Poison Magic
 + Level 6.6 Invocations
 + Level 6.0 Evocations


You had 16 spell levels left.
You knew the following spells:

 Your Spells              Type           Power        Failure   Level  Hunger
a - Infusion              Chrm           ####         1%          1    None
b - Shroud of Golubria    Chrm/Tloc      ####..       1%          2    None
c - Spectral Weapon       Hex/Chrm       ####....     2%          3    #......
d - Regeneration          Chrm/Necr      ####......   2%          3    #......

Your spell library contained the following spells:

 Spells                   Type           Power        Failure   Level  Hunger
 Beastly Appendage        Tmut           ####..       1%          1    None
 Corona                   Hex            ####...      1%          1    None
 Song of Slaying          Chrm           ####....     1%          2    None
 Slow                     Hex            ####....     2%          2    None
 Sticks to Snakes         Tmut           ####....     2%          2    None
 Inner Flame              Hex/Fire       ####....     4%          3    #......
 Portal Projectile        Hex/Tloc       ####..       4%          3    #......
 Spider Form              Tmut/Pois      ####......   4%          3    #......
 Cause Fear               Hex            ####......   14%         4    ###....
 Ice Form                 Ice/Tmut       ####....     14%         4    ###....
 Leda's Liquefaction      Hex/Erth       ####......   14%         4    ###....
 Blade Hands              Tmut           ####......   38%         5    #####..
 Malign Gateway           Summ/Tloc      ####......   100%        7    #######
 Monstrous Menagerie      Summ           ####......   100%        7    #######
 Summon Greater Demon     Summ           ####......   100%        7    #######
 Summon Horrible Things   Summ           ####......   100%        8    #######


Dungeon Overview and Level Annotations

Branches:
Dungeon (10/15)            Temple (1/1) D:6             Orc (0/2) D:9
 Bailey (visited)
   Lair: D:8-11

Altars:
Ashenzari
Cheibriados
Dithmenos
Elyvilon
Fedhas
Gozag
Hepliaklqana
Kikubaaqudgha
Makhleb
Okawaru
Ru
Sif Muna
Trog
Uskayaw
Vehumet
Wu Jian
Yredelemnul
Zin
The Shining One

Shops:
D:6 (


Innate Abilities, Weirdness & Mutations

Your experience applies equally to all skills.
You have very sharp teeth.
Your uncanny sense of smell can sniff out nearby items.


Message History

You feel sick.
Your spectral weapon hits the gargoyle but does no damage.
The gargoyle hurls a stone arrow at your spectral weapon.
The stone arrow hits your spectral weapon!!
Your spectral weapon shares its damage with you!
Your spectral weapon fades away.
* * * LOW HITPOINT WARNING * * *
Press: ? - help, v - describe, . - travel
Here: a gargoyle, wielding a +0 flail (heavily damaged)
The floor.
The gargoyle hurls a stone arrow at you.
The stone arrow hits you!
* * * LOW HITPOINT WARNING * * *
Your skin is crawling a little less now.
There is an open door here.
You are no longer magically infusing your attacks.
You feel sick.
The gargoyle hurls a stone arrow at you.
The stone arrow hits you!
You die...

######............ #...#
..(.....#......... #)###
.....)..#......... #.#
....?...#.........#####)###
........#.........#..).)...
........9.........#........
........#.........#........
.......(##'########....)...
........##@# #..).)...
........##÷# #........
.........#.########........
.........#......#.'........
########.######.#.#........
∆ .# #.#.######### #.#.#
#.#.# #...#


You could see a gargoyle.

Vanquished Creatures
  A wizard (D:9)
  An orc knight (Bailey)
  Psyche (D:9)
  2 trolls (D:9)
  The ghost of Yogurt the Chopper, an amateur HOFi of Gozag (D:5)
  A hornet (D:9)
  Grinder (D:3)
  2 hippogriffs (D:9)
  Sigmund (D:4)
  A wraith (D:9)
  3 yaks (D:10)
  2 hungry ghosts (D:10)
  Menkaure (D:4)
  2 wargs (D:9)
  2 soldier ants (D:9)
  Duvessa (D:5)
  A water moccasin (D:6)
  5 orc warriors
  A sky beast (D:9)
  2 ice beasts
  2 black bears (D:9)
  5 phantoms
  3 ogres
  2 centaurs (D:9)
  A big kobold (D:9)
  3 bullfrogs
  A wyvern skeleton (D:6)
  Dowan (D:5)
  2 scorpions
  4 wights (D:6)
  2 howler monkeys
  3 crimson imps
  2 bullfrog zombies
  2 quasits (D:5)
  7 orc priests
  Crazy Yiuf (D:2)
  9 orc wizards
  A centaur skeleton (D:4)
  4 hounds
  A jelly (D:8)
  A bullfrog skeleton (D:10)
  An iguana (D:5)
  6 worker ants
  2 hound skeletons
  2 hound zombies
  A howler monkey skeleton (D:7)
  8 gnolls
  10 adders
  2 shadow imps (D:9)
  An ooze (D:3)
  5 worms
  2 dart slugs
  3 leopard geckos
  36 orcs
  2 ball pythons (D:3)
  4 giant cockroaches
  12 goblins
  10 hobgoblins
  12 jackals
  8 quokkas
  8 bats
  2 frilled lizards
  24 kobolds
  A leopard gecko zombie (D:5)
  3 rats
254 creatures vanquished.

Vanquished Creatures (others)
  5 spectral weapons
5 creatures vanquished.

Grand Total: 259 creatures vanquished

Notes
Turn   | Place    | Note
-------+----------+-------------------------------------------
     0 | D:1      | Iamsoldier the Gnoll Skald began the quest for the Orb.
     0 | D:1      | Reached XP level 1. HP: 20/20 MP: 6/6
   285 | D:1      | Reached XP level 2. HP: 12/26 MP: 3/7
   553 | D:1      | Learned a level 2 spell: Shroud of Golubria
   916 | D:2      | Found a runed translucent door.
   917 | D:2      | Noticed Crazy Yiuf
  1055 | D:2      | Reached XP level 3. HP: 31/31 MP: 2/9
  1062 | D:2      | Reached skill level 5 in Spellcasting
  1146 | D:2      | Learned a level 3 spell: Spectral Weapon
  1150 | D:2      | Learned a level 3 spell: Regeneration
  1168 | D:2      | Reached skill level 1 in Invocations
  1530 | D:1      | Reached skill level 1 in Short Blades
  1530 | D:1      | Reached skill level 1 in Long Blades
  1530 | D:1      | Reached skill level 1 in Axes
  1530 | D:1      | Reached skill level 1 in Maces & Flails
  1530 | D:1      | Reached skill level 1 in Staves
  1530 | D:1      | Reached skill level 1 in Slings
  1530 | D:1      | Reached skill level 1 in Bows
  1530 | D:1      | Reached skill level 1 in Crossbows
  1530 | D:1      | Reached skill level 1 in Throwing
  1530 | D:1      | Reached skill level 1 in Stealth
  1530 | D:1      | Reached skill level 1 in Shields
  1530 | D:1      | Reached skill level 1 in Unarmed Combat
  1530 | D:1      | Reached skill level 1 in Evocations
  1642 | D:1      | Reached XP level 4. HP: 15/38 MP: 2/11
  1983 | D:2      | Found a hazy altar of Hepliaklqana.
  2365 | D:2      | Found an ornate altar of the Wu Jian Council.
  2372 | D:2      | Reached skill level 1 in Conjurations
  2372 | D:2      | Reached skill level 1 in Hexes
  2372 | D:2      | Reached skill level 1 in Summonings
  2372 | D:2      | Reached skill level 1 in Necromancy
  2372 | D:2      | Reached skill level 1 in Translocations
  2372 | D:2      | Reached skill level 1 in Transmutations
  2372 | D:2      | Reached skill level 1 in Fire Magic
  2372 | D:2      | Reached skill level 1 in Ice Magic
  2372 | D:2      | Reached skill level 1 in Air Magic
  2372 | D:2      | Reached skill level 1 in Earth Magic
  2372 | D:2      | Reached skill level 1 in Poison Magic
  2783 | D:2      | Killed Crazy Yiuf
  2783 | D:2      | Reached XP level 5. HP: 43/43 MP: 4/12
  3149 | D:3      | Reached XP level 6. HP: 20/50 MP: 2/13
  3615 | D:3      | Noticed Grinder
  3625 | D:3      | Paralysed by Grinder for 3 turns
  3629 | D:3      | Killed Grinder
  3629 | D:3      | Reached skill level 5 in Fighting
  3629 | D:3      | Reached skill level 5 in Polearms
  3629 | D:3      | Reached skill level 5 in Dodging
  3629 | D:3      | Reached XP level 7. HP: 13/56 MP: 3/15
  3904 | D:3      | Found a hide-covered altar of Uskayaw.
  4644 | D:4      | Found a sacrificial altar of Ru.
  4728 | D:4      | Noticed Menkaure
  4733 | D:4      | Noticed Sigmund
  4736 | D:4      | Killed Menkaure
  4747 | D:4      | Killed Sigmund
  4747 | D:4      | Reached XP level 8. HP: 19/63 MP: 3/16
  5241 | D:4      | Found a shattered altar of Ashenzari.
  5244 | D:4      | Became a worshipper of Ashenzari the Shackled
  5301 | D:5      | Entered Level 5 of the Dungeon
  5525 | D:5      | Found a transporter.
  5528 | D:5      | Noticed Yogurt's ghost (amateur HOFi)
  5567 | D:5      | Found a bloodstained altar of Trog.
  5568 | D:5      | Found a transporter.
  6203 | D:5      | Noticed Dowan
  6205 | D:5      | Noticed Duvessa
  6207 | D:5      | Killed Dowan
  6215 | D:5      | Killed Duvessa
  7032 | D:6      | Got the cursed hunting sling of Anxiety {venom, MR++ Str+2}
  7061 | D:6      | Found a staircase to the Ecumenical Temple.
  7082 | D:6      | Reached XP level 9. HP: 69/69 MP: 9/18
  7178 | Temple   | Entered the Ecumenical Temple
  7643 | D:6      | Found Taeth's Antique Weapon Shop.
  7819 | D:7      | Found a flagged portal.
  7824 | Bailey   | Entered a bailey
  8097 | Bailey   | Noticed an orc knight
  8621 | Bailey   | Killed an orc knight
  8621 | Bailey   | Reached skill level 5 in Armour
  8717 | Bailey   | Found a bloodstained altar of Trog.
  8833 | D:7      | Reached * piety under Ashenzari
  8884 | D:7      | Reached skill level 5 in Invocations
  9281 | D:7      | Found a snail-covered altar of Cheibriados.
  9429 | D:7      | Found a bloodstained altar of Trog.
  9626 | D:5      | Killed Yogurt's ghost
  9632 | D:5      | Reached XP level 10. HP: 67/77 MP: 11/20
 10778 | D:9      | Reached skill level 5 in Short Blades
 10778 | D:9      | Reached skill level 5 in Long Blades
 10778 | D:9      | Reached skill level 5 in Axes
 10778 | D:9      | Reached skill level 5 in Maces & Flails
 10778 | D:9      | Reached skill level 5 in Staves
 10778 | D:9      | Reached skill level 5 in Slings
 10778 | D:9      | Reached skill level 5 in Bows
 10778 | D:9      | Reached skill level 5 in Crossbows
 10778 | D:9      | Reached skill level 5 in Throwing
 10778 | D:9      | Reached skill level 5 in Stealth
 10778 | D:9      | Reached skill level 5 in Shields
 10778 | D:9      | Reached skill level 5 in Unarmed Combat
 10778 | D:9      | Reached skill level 5 in Evocations
 10976 | D:9      | Found a staircase to the Orcish Mines.
 11221 | D:9      | Noticed a wizard
 11261 | D:9      | Killed a wizard
 11815 | D:9      | Found a shadowy altar of Dithmenos.
 11904 | D:9      | Found an iron altar of Okawaru.
 11945 | D:9      | Reached XP level 11. HP: 19/84 MP: 19/22
 12415 | D:9      | Found a radiant altar of Vehumet.
 12415 | D:9      | Noticed Psyche
 12441 | D:9      | Killed Psyche
 12855 | D:10     | Entered Level 10 of the Dungeon
 13152 | D:10     | Found a glowing silver altar of Zin.
 13381 | D:10     | Reached skill level 5 in Conjurations
 13381 | D:10     | Reached skill level 5 in Hexes
 13381 | D:10     | Reached skill level 5 in Summonings
 13381 | D:10     | Reached skill level 5 in Necromancy
 13381 | D:10     | Reached skill level 5 in Translocations
 13381 | D:10     | Reached skill level 5 in Transmutations
 13381 | D:10     | Reached skill level 5 in Fire Magic
 13381 | D:10     | Reached skill level 5 in Ice Magic
 13381 | D:10     | Reached skill level 5 in Air Magic
 13381 | D:10     | Reached skill level 5 in Earth Magic
 13381 | D:10     | Reached skill level 5 in Poison Magic
 13434 | D:10     | Killed from afar by a gargoyle

Levels and vault maps discovered:
D:1:      lightli_arrival_flooded_house, layout_rooms
D:2:      layout_loops_ring, old_standard_altar, overflow_temple_1_default,
          minmay_pentomino_t2, uniq_crazy_yiuf_cottage
D:3:      layout_basic, overflow_temple_1_default, first_ration,
          saegor_snake_ambush, uniq_grinder
D:4:      layout_basic, lemuel_doored_altar, hangedman_ru_absence, uniq_sigmund,
          uniq_menkaure
D:5:      layout_basic, gammafunk_ghost_stat_death, trog_three_pillars_becter,
          uniq_duvessa
D:6:      layout_rooms, temple_pool_b, serial_shops, kennysheep_mini_moat,
          kennysheep_pointless_box
D:7:      layout_basic, nicolae_overflow_hidden_temple, enter_bailey_3,
          serial_park_tiny_pond
D:8:      layout_rooms, serial_glass, glass_columns_b, glass_columns_b,
          due_unseen_surprise
D:9:      layout_loops_corners, grunt_dithmenos_shadows, marbit_many_paths,
          erik_orc_4, basic_altar, hangedman_pestilent_swarm,
          lightli_wizard_tower, uniq_psyche
D:10:     layout_basic, basic_altar, st_stairs_14
Temple:   dpeg_chambers_temple

Skill      XL: |  1  2  3  4  5  6  7  8  9 10 11 |
---------------+----------------------------------+-----
Spellcasting   | 5 6 7 |  7.9
Invocations    | 1 2 3 4 5 6 |  6.6
Short Blades   | 1 2 3 4 5 6 |  6.0
Long Blades    | 1 2 3 4 5 6 |  6.0
Axes           | 1 2 3 4 5 6 |  6.0
Maces & Flails | 1 2 3 4 5 6 |  6.0
Staves         | 1 2 3 4 5 6 |  6.0
Slings         | 1 2 3 4 5 6 |  6.0
Bows           | 1 2 3 4 5 6 |  6.0
Crossbows      | 1 2 3 4 5 6 |  6.0
Throwing       | 1 2 3 4 5 6 |  6.0
Stealth        | 1 2 3 4 5 6 |  6.0
Shields        | 1 2 3 4 5 6 |  6.0
Unarmed Combat | 1 2 3 4 5 6 |  6.0
Evocations     | 1 2 3 4 5 6 |  6.0
Conjurations   | 1 2 3 4 5 |  5.0
Hexes          | 1 2 3 4 5 |  5.0
Summonings     | 1 2 3 4 5 |  5.0
Necromancy     | 1 2 3 4 5 |  5.0
Translocations | 1 2 3 4 5 |  5.0
Transmutations | 1 2 3 4 5 |  5.0
Fire Magic     | 1 2 3 4 5 |  5.0
Ice Magic      | 1 2 3 4 5 |  5.0
Air Magic      | 1 2 3 4 5 |  5.0
Earth Magic    | 1 2 3 4 5 |  5.0
Poison Magic   | 1 2 3 4 5 |  5.0
Armour         | 3 4 5 6 |  6.6
Fighting       | 5 6 7 |  7.7
Polearms       | 5 6 7 |  7.7
Dodging        | 5 6 7 |  7.7
Charms         | 6 7 |  7.5

Action                   |  1- 3 |  4- 6 |  7- 9 | 10-12 || total
-------------------------+-------+-------+-------+-------++-------
Melee: Spear             |    94 |   111 |       |       ||   205
       Bite              |     8 |    14 |    26 |    65 ||   113
       Trident           |       |    16 |   320 |   445 ||   781
       Punch             |       |       |     1 |       ||     1
Throw: Dart              |       |       |    13 |       ||    13
       Javelin           |       |       |     2 |       ||     2
       Throwing net      |       |       |     1 |       ||     1
 Cast: Infusion          |    10 |     9 |     7 |     1 ||    27
       Shroud of Golubri |     4 |     9 |    27 |    30 ||    70
       Regeneration      |     2 |     3 |     9 |    11 ||    25
       Spectral Weapon   |     1 |     3 |    27 |    33 ||    64
Invok: Curse Item        |       |       |     3 |     1 ||     4
Evoke: Wand              |       |       |     3 |       ||     3
  Use: Potion            |     2 |     2 |     7 |     1 ||    12
       Scroll            |       |       |    13 |     1 ||    14
 Stab: Sleeping          |       |     3 |     5 |     3 ||    11
       Distracted        |       |       |     2 |     1 ||     3
  Eat: Chunk             |     2 |     7 |    16 |    14 ||    39
       Ration            |       |       |     2 |       ||     2
Armor: Leather armour    |    15 |    22 |    49 |    37 ||   123
       Troll leather arm |       |       |       |    25 ||    25
Dodge: Dodged            |    62 |    68 |   253 |   231 ||   614
Block: Buckler           |       |       |    53 |    92 ||   145
